[Event "January 9 Early 2024"]
[Site "https://www.chess.com"]
[Date "2024.01.11"]
[Round "8"]
[White "De Winter, Arthur"]
[Black "Radzhabov, Rodion"]
[Result "1-0"]
[Board "123"]
[TimeControl "180+1"]
[WhiteFideId "1069020"]
[BlackFideId "884715"]
[WhiteElo "2788"]
[BlackElo "2591"]
[WhiteTeam "NED"]
[BlackTeam "RUS"]
[WhiteClock "0:00:11"]
[BlackClock "0:00:01"]

1. e4 c5 2. Nf3 e6 3. d4 cxd4 4. Nxd4 Nc6 5. Bf4 a6 6. Nc3 Bc5 7. Nb3 Ba7 8. Qg4 Qf6 9. O-O-O h5 10. Qg3 h4 11. Qg4 Nh6 12. Bxh6 Qxh6+ 13. f4 Be3+ 14. Kb1 Bxf4 15. g3 hxg3 16. hxg3 Qxh1 17. gxf4 Qh6 18. e5 Qg6 19. Qf3 f5 20. Be2 Rh2 21. Qe3 b5 22. Nc5 b4 23. N3a4 Qg2 24. Bd3 Rh1 25. Qc1 Rxd1 26. Qxd1 Rb8 27. b3 Qg4 28. Qh1 Kd8 29. Bxa6 Kc7 30. Bxc8 Rxc8 31. Qf1 Qg3 32. Qb5 Kd8 33. Qb7 Rc7 34. Qa8+ Ke7 35. Qg8 Qg1+ 36. Kb2 Nd4 37. Qh8 1-0

[Event "January 9 Early 2024"]
[Site "https://www.chess.com"]
[Date "2024.01.11"]
[Round "8"]
[White "Sailer, Mike"]
[Black "Castellano, Christopher"]
[Result "0-1"]
[Board "124"]
[TimeControl "180+1"]
[WhiteFideId "2012901"]
[BlackFideId "5203651"]
[WhiteElo "2209"]
[BlackElo "2394"]
[WhiteTeam "USA"]
[BlackTeam "PHI"]
[WhiteClock "0:00:04"]
[BlackClock "0:00:24"]

1. d4 Nf6 2. Bg5 d5 3. Bxf6 exf6 4. e3 c6 5. c4 Bd6 6. cxd5 cxd5 7. Nc3 Be6 8. Qb3 O-O 9. Bd3 Nc6 10. Nge2 Nb4 11. Bb1 f5 12. g3 a5 13. a3 Nc6 14. O-O Ne7 15. Ba2 Qd7 16. Rac1 a4 17. Qc2 Rfc8 18. Qd3 h5 19. Nf4 Bxf4 20. exf4 h4 21. Qf3 Ra6 22. Rfe1 Rb6 23. Rc2 Rd8 24. Rce2 Nc6 25. Qd3 Na5 26. Rc1 hxg3 27. hxg3 g6 28. Kg2 Kg7 29. Rh1 Nc4 30. Qc2 Rxb2 31. Qd3 Rxe2 32. Qxe2 Nxa3 33. Qe5+ f6 34. Qe3 Nc4 35. Bxc4 dxc4 36. d5 Bxd5+ 37. Nxd5 Qxd5+ 38. Kg1 Qd1+ 39. Kg2 Qd5+ 40. Kg1 Qe4 41. Qb6 Rd1+ 0-1

[Event "January 9 Early 2024"]
[Site "https://www.chess.com"]
[Date "2024.01.11"]
[Round "8"]
[White "Biriukov, Ilja"]
[Black "Mrudul Dehankar"]
[Result "0-1"]
[Board "125"]
[TimeControl "180+1"]
[WhiteFideId "4113373"]
[BlackFideId "25096990"]
[WhiteElo "2245"]
[BlackElo "2395"]
[WhiteTeam "RUS"]
[BlackTeam "IND"]
[WhiteClock "0:00:03"]
[BlackClock "0:00:54"]

1. d4 Nf6 2. Nc3 d5 3. Bf4 Bf5 4. Qd2 c6 5. O-O-O e6 6. f3 Nbd7 7. g4 Bg6 8. h4 h6 9. e3 Bb4 10. a3 Ba5 11. Bd3 Bxd3 12. Qxd3 b5 13. Nge2 b4 14. Nb1 Qb6 15. a4 c5 16. Qb5 Qxb5 17. axb5 c4 18. c3 b3 19. Na3 Kd8 20. g5 Nh5 21. Bd6 Bc7 22. Bb4 Nb6 23. e4 Kd7 24. e5 Nc8 25. f4 g6 26. Rdg1 Bd8 27. Ng3 Be7 28. Nxh5 gxh5 29. Bxe7 Nxe7 30. gxh6 Nf5 31. Rg7 Nxg7 32. hxg7 Rhg8 33. Rg1 Ke7 34. Rg5 f6 35. Rxh5 Rxg7 36. Kd2 Rag8 37. Ke3 Rg3+ 38. Ke2 Rg2+ 39. Ke1 fxe5 40. fxe5 Rxb2 41. Rh7+ Kf8 42. Kf1 Rg7 43. Rh8+ Kf7 44. Ra8 Kg6 45. Re8 Kf5 46. Rf8+ Ke4 47. b6 axb6 48. h5 Ra2 49. Nxc4 dxc4 50. h6 b2 51. hxg7 b1=Q# 0-1

[Event "January 9 Early 2024"]
[Site "https://www.chess.com"]
[Date "2024.01.11"]
[Round "8"]
[White "Vila Dupla, Aurelio"]
[Black "Foisor, Sabina-Francesca"]
[Result "0-1"]
[Board "126"]
[TimeControl "180+1"]
[WhiteFideId "2203383"]
[BlackFideId "1212915"]
[WhiteElo "2166"]
[BlackElo "2416"]
[WhiteTeam "ESP"]
[BlackTeam "USA"]
[WhiteClock "0:00:03"]
[BlackClock "0:00:07"]

1. Nf3 d5 2. d4 Nf6 3. c4 c6 4. cxd5 cxd5 5. Nc3 a6 6. Bf4 Nc6 7. e3 e6 8. Be2 Bd6 9. Bxd6 Qxd6 10. O-O O-O 11. a3 b5 12. b4 Bb7 13. Qb3 Rac8 14. Rfb1 e5 15. a4 bxa4 16. Rxa4 exd4 17. exd4 Qf4 18. g3 Qf5 19. Kg2 h5 20. Rd1 Rfe8 21. Nh4 Qe6 22. Bxa6 Nxd4 23. Rxd4 Bxa6 24. b5 Bb7 25. b6 Rc6 26. Rab4 Rec8 27. Nd1 Rc4 28. Qe3 Rxb4 29. Qxe6 fxe6 30. Rxb4 Rc1 31. Nb2 d4+ 32. Kh3 e5 33. Nf5 Bc8 34. b7 Bxf5+ 35. Kh4 Rh1 36. b8=Q+ Kh7 37. Qxe5 Rxh2+ 38. Kg5 Bg6 39. Rxd4 Rxf2 40. Rd6 Ne4+ 41. Kh4 Rh2# 0-1

[Event "January 9 Early 2024"]
[Site "https://www.chess.com"]
[Date "2024.01.11"]
[Round "8"]
[White "Kukhmazov, Arsen"]
[Black "Niemann, Hans Moke"]
[Result "1-0"]
[Board "127"]
[TimeControl "180+1"]
[WhiteFideId "24108260"]
[BlackFideId "2093596"]
[WhiteElo "2921"]
[BlackElo "3053"]
[WhiteTeam "FID"]
[BlackTeam "USA"]
[WhiteClock "0:00:10"]
[BlackClock "0:00:24"]

1. d4 Nf6 2. c4 g6 3. g3 Bg7 4. Bg2 O-O 5. Nc3 d6 6. Nf3 Nbd7 7. O-O e5 8. h3 Re8 9. e4 exd4 10. Nxd4 Nc5 11. Re1 h6 12. Rb1 a5 13. Ndb5 Nfd7 14. Be3 Na6 15. Qd2 Kh7 16. Rbd1 Ne5 17. Qe2 g5 18. c5 Bd7 19. cxd6 c6 20. Nd4 g4 21. hxg4 Nxg4 22. Bf4 Nc5 23. Qf3 Bxd4 24. Rxd4 Qf6 25. e5 Qg6 26. Rc4 Nd3 27. Qxd3 Qxd3 28. Be4+ Qxe4 29. Nxe4 Kg6 30. Nc5 Be6 31. Nxe6 Rxe6 32. f3 Nf6 33. Bd2 Nd5 34. Rg4+ Kh7 35. f4 f5 36. Rh4 Kg6 37. Kf2 h5 38. Reh1 Rh8 39. g4 fxg4 40. Rxg4+ Kf5 41. Rg5+ Ke4 42. Re1+ Kd3 43. f5 Ree8 44. Rg3+ Kxd2 45. Re2+ Kc1 46. Rg1# 1-0

[Event "January 9 Early 2024"]
[Site "https://www.chess.com"]
[Date "2024.01.11"]
[Round "8"]
[White "Cuenca Jimenez, Jose Fernando"]
[Black "Gurevich, Dmitry"]
[Result "1-0"]
[Board "128"]
[TimeControl "180+1"]
[WhiteFideId "2255570"]
[BlackFideId "2000407"]
[WhiteElo "2688"]
[BlackElo "2526"]
[WhiteTeam "ESP"]
[BlackTeam "USA"]
[WhiteClock "0:00:18"]
[BlackClock "0:00:01"]

1. d4 Nf6 2. Bf4 c5 3. d5 b5 4. e4 Nxe4 5. Qf3 Nf6 6. Bxb5 Bb7 7. Nc3 g6 8. Nge2 Bg7 9. O-O O-O 10. Bc4 d6 11. a4 a5 12. h3 e5 13. Bh2 Nbd7 14. Qd3 Nb6 15. b3 e4 16. Qd2 Re8 17. Rad1 Nxc4 18. bxc4 Qe7 19. Nb5 Ra6 20. Nec3 Nd7 21. Nc7 f5 22. Nxe8 Qxe8 23. Nb5 Qe7 24. Nc7 Rb6 25. Qxa5 Rb4 26. Rb1 Bc3 27. Rxb4 cxb4 28. Qb5 Nc5 29. Qe8+ Qxe8 30. Nxe8 Nxa4 31. Nxd6 Ba6 32. Nb5 Nb6 33. Nxc3 bxc3 34. Rb1 Nxc4 35. Rb3 e3 36. fxe3 Nxe3 37. d6 Kf7 38. Rxc3 Nd5 39. Ra3 Bc4 40. Ra7+ Ke6 41. Rxh7 f4 42. Ra7 Kxd6 43. Rg7 Ke5 44. Rxg6 Ke4 45. h4 1-0

[Event "January 9 Early 2024"]
[Site "https://www.chess.com"]
[Date "2024.01.11"]
[Round "8"]
[White "Pranav, V"]
[Black "Galchenko, Matvey"]
[Result "0-1"]
[Board "129"]
[TimeControl "180+1"]
[WhiteFideId "25060783"]
[BlackFideId "24175480"]
[WhiteElo "3038"]
[BlackElo "2930"]
[WhiteTeam "IND"]
[BlackTeam "FID"]
[WhiteClock "0:00:01"]
[BlackClock "0:00:08"]

1. e4 c5 2. Nf3 g6 3. d4 cxd4 4. Qxd4 Nf6 5. Bb5 Nc6 6. Bxc6 bxc6 7. O-O Bg7 8. Nc3 d6 9. Qa4 Bd7 10. e5 dxe5 11. Nxe5 O-O 12. Rd1 Qc8 13. Bg5 Rd8 14. Rd3 Nd5 15. Re1 Bxe5 16. Rxe5 f6 17. Rexd5 cxd5 18. Qd4 Qc4 19. Qe3 Bf5 20. Rd4 Qc6 21. Bh6 e5 22. Rb4 d4 23. Qe2 dxc3 24. g4 Be6 25. b3 Qd6 26. Qb5 Qd1+ 27. Kg2 Qd5+ 28. Qxd5 Bxd5+ 29. Kg3 Rab8 30. Ra4 Rd7 31. Ra6 Rb6 32. Ra5 Kf7 33. Rc5 g5 34. h4 Rc6 35. Rb5 gxh4+ 36. Kxh4 Be4 0-1

[Event "January 9 Early 2024"]
[Site "https://www.chess.com"]
[Date "2024.01.11"]
[Round "8"]
[White "Bachmann, Axel"]
[Black "Radjabov, Teimour"]
[Result "0-1"]
[Board "130"]
[TimeControl "180+1"]
[WhiteFideId "3700488"]
[BlackFideId "13400924"]
[WhiteElo "2901"]
[BlackElo "3030"]
[WhiteTeam "PAR"]
[BlackTeam "AZE"]
[WhiteClock "0:00:01"]
[BlackClock "0:00:04"]

1. e4 c5 2. Nc3 Nc6 3. f4 e6 4. Nf3 d5 5. Bb5 Ne7 6. exd5 Nxd5 7. Bxc6+ bxc6 8. d3 Be7 9. Ne5 Qb6 10. Nc4 Qc7 11. O-O O-O 12. Ne4 f5 13. Ng5 Bxg5 14. fxg5 e5 15. b3 Ba6 16. Qe1 Nb4 17. Rf2 Rae8 18. a3 Nd5 19. Qa5 Qxa5 20. Nxa5 e4 21. dxe4 fxe4 22. Rxf8+ Rxf8 23. c4 Nc3 24. Be3 Ne2+ 25. Kh1 Nd4 26. Rc1 Bc8 27. h3 Re8 28. Rd1 Nc2 29. Bxc5 e3 30. Bxe3 Nxe3 31. Re1 Bd7 32. Nb7 Nf5 33. Rd1 Re7 34. Nc5 Be8 35. g4 Ng3+ 36. Kg2 Ne4 37. Rd8 Kf7 0-1

[Event "January 9 Early 2024"]
[Site "https://www.chess.com"]
[Date "2024.01.11"]
[Round "8"]
[White "Tulchynskyi, Feliks"]
[Black "Weetik, Vjacheslav"]
[Result "0-1"]
[Board "131"]
[TimeControl "180+1"]
[WhiteFideId "34127895"]
[BlackFideId "4153472"]
[WhiteElo "2570"]
[BlackElo "2759"]
[WhiteTeam "UKR"]
[BlackTeam "RUS"]
[WhiteClock "0:00:06"]
[BlackClock "0:00:08"]

1. d4 Nf6 2. c4 e6 3. Nf3 Bb4+ 4. Bd2 Qe7 5. e3 b6 6. Bxb4 Qxb4+ 7. Qd2 a5 8. a3 Qxd2+ 9. Nbxd2 Bb7 10. Bd3 d6 11. O-O c5 12. b4 Nbd7 13. Rfb1 axb4 14. axb4 Ke7 15. Ne1 Bc6 16. f3 g5 17. Kf2 h5 18. Nc2 g4 19. bxc5 bxc5 20. Nb3 Rxa1 21. Rxa1 Rb8 22. Na5 Ba8 23. e4 cxd4 24. Nxd4 Ne5 25. Be2 Rb2 26. Nab3 Bc6 27. f4 Bxe4 28. fxe5 dxe5 29. Ra7+ Kf8 30. c5 exd4 31. Nxd4 Nd5 32. c6 e5 33. Ra8+ Kg7 34. Nb5 Rc2 35. Ke1 Rxc6 36. g3 Nc3 37. Nxc3 Rxc3 38. Kd2 Rc2+ 39. Ke3 Rxe2+ 40. Kxe2 Bxa8 41. Ke3 f5 42. Kd3 Kf6 0-1

[Event "January 9 Early 2024"]
[Site "https://www.chess.com"]
[Date "2024.01.11"]
[Round "8"]
[White "Soraas, Torben"]
[Black "Gavrilov, Maxim"]
[Result "0-1"]
[Board "132"]
[TimeControl "180+1"]
[WhiteFideId "1503529"]
[BlackFideId "24271454"]
[WhiteElo "2274"]
[BlackElo "2443"]
[WhiteTeam "NOR"]
[BlackTeam "RUS"]
[WhiteClock "0:00:03"]
[BlackClock "0:00:22"]

1. e4 c5 2. Nc3 d6 3. g3 Nc6 4. Bg2 g6 5. d3 Bg7 6. Nge2 e6 7. Be3 Nge7 8. Qd2 Rb8 9. O-O b5 10. Bh6 O-O 11. Bxg7 Kxg7 12. a3 a5 13. Nd1 b4 14. axb4 axb4 15. Ne3 Nd4 16. Nc1 e5 17. c3 Ndc6 18. Ne2 Be6 19. d4 cxd4 20. cxd4 exd4 21. Nxd4 Nxd4 22. Qxd4+ Kg8 23. Ra6 Nc8 24. Rd1 Qc7 25. h4 Qc5 26. Qd2 Rb6 27. Rxb6 Qxb6 28. h5 Qc5 29. Bf3 b3 30. Kg2 Qe5 31. Rh1 Nb6 32. Bg4 Bxg4 33. Nxg4 Qxe4+ 34. f3 Qc2 35. Qxc2 bxc2 36. hxg6 Rc8 37. gxh7+ Kh8 38. Rc1 Nd5 39. Kf2 Nb4 40. Ke2 Na2 41. Kd2 Nxc1 42. Kxc1 Kxh7 43. Ne3 Rg8 44. g4 Kg6 45. Kxc2 Kg5 46. Nf5 Rc8+ 47. Kd3 Kf4 0-1

[Event "January 9 Early 2024"]
[Site "https://www.chess.com"]
[Date "2024.01.11"]
[Round "8"]
[White "Boruchovsky, Avital"]
[Black "Isajevsky, Anton"]
[Result "1-0"]
[Board "133"]
[TimeControl "180+1"]
[WhiteFideId "2800055"]
[BlackFideId "4142500"]
[WhiteElo "2777"]
[BlackElo "2639"]
[WhiteTeam "ISR"]
[BlackTeam "RUS"]
[WhiteClock "0:00:12"]
[BlackClock "0:00:01"]

1. e4 c5 2. Nc3 d6 3. g3 g6 4. Bg2 Bg7 5. Nge2 Nc6 6. O-O e6 7. f4 Nge7 8. d3 O-O 9. Be3 Nd4 10. Kh1 Rb8 11. Bg1 Nxe2 12. Qxe2 Nc6 13. Nd1 b5 14. a3 Qc7 15. c3 a5 16. Ne3 b4 17. axb4 cxb4 18. d4 Bd7 19. f5 Qd8 20. Nc4 d5 21. exd5 exd5 22. Bxd5 Ne7 23. Bg2 Nxf5 24. Nxa5 Re8 25. Qf2 bxc3 26. bxc3 Qc7 27. g4 Nd6 28. Qg3 Bb5 29. Rfe1 Rxe1 30. Rxe1 Bf8 31. Nb3 Rc8 32. Nc5 Nc4 33. Qxc7 Rxc7 34. Bf2 Kg7 35. Bg3 Ra7 36. Ne4 Ra2 37. d5 Ba4 38. d6 Nd2 39. Be5+ Kh6 40. Nxd2 Rxd2 41. Bf4+ 1-0

[Event "January 9 Early 2024"]
[Site "https://www.chess.com"]
[Date "2024.01.11"]
[Round "8"]
[White "Anton Guijarro, David"]
[Black "Banzea, Alexandru-Bogdan"]
[Result "1-0"]
[Board "134"]
[TimeControl "180+1"]
[WhiteFideId "2285525"]
[BlackFideId "1232622"]
[WhiteElo "2974"]
[BlackElo "2712"]
[WhiteTeam "ESP"]
[BlackTeam "ROU"]
[WhiteClock "0:00:21"]
[BlackClock "0:00:03"]

1. Nf3 Nf6 2. b3 g6 3. Bb2 d6 4. d4 Bg7 5. g3 O-O 6. Bg2 a5 7. O-O a4 8. c4 axb3 9. Qxb3 Nc6 10. Nbd2 Nd7 11. e3 e5 12. Rfd1 h6 13. a4 Kh7 14. Bc3 f5 15. a5 e4 16. Ne1 Nf6 17. Nc2 g5 18. d5 Ne5 19. Bxe5 dxe5 20. c5 Qxd5 21. Qxd5 Nxd5 22. Nxe4 Ne7 23. Nc3 e4 24. Nd4 Nc6 25. Ncb5 Rxa5 26. Rxa5 Nxa5 27. Nxc7 Rd8 28. g4 Nc6 29. Ncb5 Bf8 30. Rc1 Ne5 31. Nxf5 Bxf5 32. gxf5 Nf3+ 33. Bxf3 exf3 34. Nd4 Rc8 35. Rb1 Bxc5 36. Rxb7+ Kg8 37. Nxf3 Rf8 38. e4 Re8 39. Rb5 Bf8 40. e5 Ra8 41. h3 Rc8 42. Kg2 Rc4 43. e6 Rf4 44. Nh2 Kg7 45. Ng4 h5 46. f6+ Kg6 47. e7 Bxe7 48. fxe7 Re4 49. Ne5+ 1-0

[Event "January 9 Early 2024"]
[Site "https://www.chess.com"]
[Date "2024.01.11"]
[Round "8"]
[White "Nouali, Mohamed"]
[Black "Saha, Ananda"]
[Result "1-0"]
[Board "135"]
[TimeControl "180+1"]
[WhiteFideId "5502462"]
[BlackFideId "2619644"]
[WhiteElo "2586"]
[BlackElo "2475"]
[WhiteTeam "TUN"]
[BlackTeam "CAN"]
[WhiteClock "0:00:17"]
[BlackClock "0:00:01"]

1. e4 e6 2. d4 d5 3. Nc3 Nf6 4. Bg5 dxe4 5. Nxe4 Be7 6. Bxf6 gxf6 7. Nf3 f5 8. Nc3 a6 9. g3 b5 10. Bg2 Bb7 11. O-O Qd6 12. Re1 Nd7 13. a4 b4 14. Ne2 h5 15. Nf4 O-O-O 16. c4 Be4 17. c5 Qc6 18. d5 exd5 19. Nd4 Qxc5 20. Rc1 Qb6 21. Nc6 Bc5 22. Rxe4 dxe4 23. Nd5 Qxc6 24. Ne7+ Bxe7 25. Rxc6 Ne5 26. Qc1 Nxc6 27. Qxc6 Rd1+ 28. Bf1 Rhd8 29. Kg2 Rxf1 30. Kxf1 Rd6 31. Qe8+ Bd8 32. Qxf7 Rf6 33. Qxh5 Kd7 34. h4 Be7 35. Qe2 c5 36. h5 Rc6 37. Qc4 Kd6 38. h6 Ke5 39. h7 Rh6 40. Qf7 Bf6 41. b3 c4 42. Qxc4 Rxh7 43. Qxb4 Rd7 44. Qa5+ Kd4 45. Qxf5 1-0

[Event "January 9 Early 2024"]
[Site "https://www.chess.com"]
[Date "2024.01.11"]
[Round "8"]
[White "Krzywda, Andrzej"]
[Black "Herman, Matthew"]
[Result "1/2-1/2"]
[Board "136"]
[TimeControl "180+1"]
[WhiteFideId "1114565"]
[BlackFideId "2028964"]
[WhiteElo "2400"]
[BlackElo "2508"]
[WhiteTeam "POL"]
[BlackTeam "USA"]
[WhiteClock "0:00:19"]
[BlackClock "0:00:08"]

1. e4 e5 2. Nf3 Nc6 3. Bb5 a6 4. Ba4 Nf6 5. O-O Be7 6. Re1 b5 7. Bb3 O-O 8. a4 b4 9. d4 d6 10. dxe5 dxe5 11. Nbd2 Bc5 12. a5 h6 13. h3 Re8 14. Qe2 Nd4 15. Nxd4 Bxd4 16. Nf3 c5 17. Nxd4 cxd4 18. Bd2 Qe7 19. Ra4 Rb8 20. Bc4 Bd7 21. Raa1 Bb5 22. Bxb5 Rxb5 23. Qc4 Qe6 24. Qxe6 Rxe6 25. Ra4 Rc6 26. Rxb4 Rxb4 27. Bxb4 Rxc2 28. Bd6 d3 29. Kf1 Nxe4 30. Bxe5 Rxf2+ 31. Kg1 Re2 32. Rd1 d2 33. Kf1 Re3 34. Bf4 Rd3 35. Ke2 Rb3 36. Be5 f6 37. Bd4 Kf7 38. g4 Ke6 39. Bc3 Rxc3 40. bxc3 Nxc3+ 41. Kxd2 Nxd1 42. Kxd1 f5 43. gxf5+ Kxf5 44. Ke2 g5 45. Kf3 h5 46. Kg3 Ke4 47. Kf2 Kf4 48. Kg2 Ke3 49. Kg3 Ke4 50. Kf2 Kf4 51. Kg2 Ke3 52. Kg3 Ke4 1/2-1/2

[Event "January 9 Early 2024"]
[Site "https://www.chess.com"]
[Date "2024.01.11"]
[Round "8"]
[White "Vokhidov, Shamsiddin"]
[Black "Hayrapetyan, Hovik"]
[Result "1-0"]
[Board "137"]
[TimeControl "180+1"]
[WhiteFideId "14204223"]
[BlackFideId "13302639"]
[WhiteElo "2998"]
[BlackElo "2810"]
[WhiteTeam "UZB"]
[BlackTeam "ARM"]
[WhiteClock "0:00:55"]
[BlackClock "0:00:03"]

1. e4 c5 2. Nf3 d6 3. d4 cxd4 4. Nxd4 Nf6 5. Nc3 a6 6. a4 e5 7. Nf3 h6 8. Nd2 Be6 9. Nc4 Nc6 10. Ne3 Nb4 11. Bc4 Rc8 12. Bxe6 fxe6 13. O-O Be7 14. Qe2 O-O 15. Rd1 Nc6 16. Ng4 Nd4 17. Nxf6+ Bxf6 18. Qd3 Qb6 19. a5 Qc6 20. Be3 Rf7 21. Rd2 Qc4 22. Qf1 Rfc7 23. Qd1 Qc6 24. Qg4 Qe8 25. Bxh6 Kh7 26. Be3 Qg6 27. Qh3+ Kg8 28. Bxd4 exd4 29. Qxe6+ Kh7 30. Nd5 Rxc2 31. Nxf6+ Qxf6 32. Qxf6 gxf6 33. Rxd4 Rxb2 34. Rxd6 Kg7 35. g3 Rcc2 36. Rf1 Rc5 37. Rd5 Rxd5 38. exd5 Rb5 39. d6 Kf8 40. Re1 Rd5 41. Re7 Rxa5 42. Rxb7 Rd5 43. d7 Ke7 44. Ra7 a5 45. Kg2 f5 46. Kf3 Kd8 47. Kf4 Ke7 48. h4 Kf6 49. Ke3 Ke7 50. h5 f4+ 51. Kxf4 Rxh5 52. g4 Rb5 53. g5 Rb4+ 54. Kf5 a4 55. g6 Rd4 56. g7 1-0

[Event "January 9 Early 2024"]
[Site "https://www.chess.com"]
[Date "2024.01.11"]
[Round "8"]
[White "Molina, Roberto Junio Brito"]
[Black "Shimanov, Aleksandr"]
[Result "0-1"]
[Board "138"]
[TimeControl "180+1"]
[WhiteFideId "2109450"]
[BlackFideId "4198603"]
[WhiteElo "2802"]
[BlackElo "2994"]
[WhiteTeam "BRA"]
[BlackTeam "RUS"]
[WhiteClock "0:00:05"]
[BlackClock "0:01:46"]

1. d4 c6 2. e4 d5 3. exd5 cxd5 4. Bd3 Nc6 5. c3 Qc7 6. Ne2 Bg4 7. O-O e6 8. Qe1 Nf6 9. f3 Bh5 10. Qh4 Rg8 11. Bg5 Bg6 12. Bxg6 hxg6 13. Nd2 Bd6 14. Bf4 O-O-O 15. Bxd6 Qxd6 16. Qg3 Qe7 17. Nf4 Rh8 18. Nd3 Nh5 19. Qf2 Qc7 20. Rfe1 Nf4 21. Nxf4 Qxf4 22. g3 Qc7 23. f4 Ne7 24. Rac1 Kb8 25. Nf3 Nf5 26. Ne5 Nd6 27. Qf3 Rh6 28. Re2 f6 29. Ng4 Ne4 30. Nxh6 gxh6 31. Rxe4 dxe4 32. Qxe4 Qf7 33. Re1 Rd6 34. Re2 a6 35. Kg2 g5 36. Rf2 Qe7 37. Qg6 e5 38. fxe5 fxe5 39. Qg8+ Ka7 40. dxe5 Qxe5 41. Qc4 h5 42. a3 h4 43. Qe2 Qd5+ 44. Qf3 Qe6 45. Re2 h3+ 46. Kf2 Qg6 47. Qe4 Rf6+ 48. Ke1 Qf7 49. Rf2 Rxf2 50. Qd4+ Ka8 51. Qxf2 Qd5 52. Ke2 Qe4+ 53. Kd2 Qd5+ 54. Kc2 Qe4+ 55. Kb3 Qg2 56. Qf8+ Ka7 57. Qc5+ Kb8 58. Qf8+ Kc7 59. Qe7+ Kc6 60. Qe6+ Kc5 61. Qc8+ Kd6 62. Qf8+ Ke5 63. Qe7+ Kf5 64. Qd7+ Kf6 65. Qd6+ Kf7 66. Qd7+ Kf6 67. Qd6+ Kg7 68. Qe7+ Kg6 69. Qe6+ Kh5 70. Qf7+ Kg4 71. Qd7+ Kf3 72. Qxb7+ Kf2 73. Qb6+ Kf1 74. Qxa6+ Kg1 75. a4 Qxh2 76. a5 Qg2 77. Qb6+ Kf1 78. Qb5+ Ke1 79. Qxg5 h2 80. Qe5+ Kf1 81. Qf5+ Qf2 82. Qb5+ Kg1 83. a6 h1=Q 84. Qb8 Qd5+ 85. Ka3 Qfc5+ 0-1

[Event "January 9 Early 2024"]
[Site "https://www.chess.com"]
[Date "2024.01.11"]
[Round "8"]
[White "Halkias, Stelios"]
[Black "Maltsevskaya, Aleksandra"]
[Result "1-0"]
[Board "139"]
[TimeControl "180+1"]
[WhiteFideId "4201809"]
[BlackFideId "24174041"]
[WhiteElo "2723"]
[BlackElo "2559"]
[WhiteTeam "GRE"]
[BlackTeam "POL"]
[WhiteClock "0:00:26"]
[BlackClock "0:00:01"]

1. Nf3 Nf6 2. c4 g6 3. Nc3 Bg7 4. g3 d6 5. d4 O-O 6. Bg2 Nbd7 7. O-O e5 8. e4 exd4 9. Nxd4 Nc5 10. Re1 Ng4 11. Nf3 Be6 12. h3 Ne5 13. Nxe5 Bxe5 14. Nd5 c6 15. Ne3 Qb6 16. Qc2 Rfe8 17. Rb1 a5 18. Bd2 Bd4 19. Bc3 Bxc3 20. Qxc3 Qb4 21. Qc2 Rad8 22. f4 Bc8 23. Kh2 Re7 24. f5 Rde8 25. Ng4 Nd7 26. a3 Qb6 27. Qc3 Ne5 28. Nf6+ Kg7 29. Nxe8+ Rxe8 30. b4 axb4 31. axb4 Qd8 32. Rbd1 h5 33. c5 Qf6 34. Qd4 d5 35. fxg6 fxg6 36. Rf1 Qe7 37. exd5 h4 38. Qxh4 Qxh4 39. gxh4 cxd5 40. Bxd5 Bf5 41. Rfe1 Kf6 42. Kg3 Rb8 43. Bg2 Nd3 44. Rf1 Nxb4 45. Rd6+ Kf7 46. h5 Kg7 47. hxg6 Bxg6 48. Rb6 Nd3 49. c6 1-0

[Event "January 9 Early 2024"]
[Site "https://www.chess.com"]
[Date "2024.01.11"]
[Round "8"]
[White "Kruckenhauser, Arthur"]
[Black "Wantiez, Fabrice"]
[Result "0-1"]
[Board "140"]
[TimeControl "180+1"]
[WhiteFideId "1642812"]
[BlackFideId "202274"]
[WhiteElo "2543"]
[BlackElo "2427"]
[WhiteTeam "AUT"]
[BlackTeam "BEL"]
[WhiteClock "0:00:01"]
[BlackClock "0:00:16"]

1. d4 Nf6 2. Nf3 g6 3. Nc3 Bg7 4. e4 d6 5. Be3 c6 6. Qd2 b5 7. a3 O-O 8. Bd3 a6 9. O-O-O b4 10. axb4 a5 11. b5 cxb5 12. Bxb5 Ba6 13. e5 Ng4 14. h3 Nxe3 15. fxe3 Bxb5 16. Nxb5 Qb6 17. Na3 d5 18. h4 h5 19. Ng5 f6 20. exf6 exf6 21. Nf3 Nc6 22. Rhg1 Rab8 23. c3 Rfc8 24. g4 Nb4 25. Kb1 hxg4 26. Rxg4 Qe6 27. Rdg1 Qf5+ 28. Ka1 Qxf3 29. Rxg6 Rc7 30. Qh2 Rbb7 31. h5 Qxe3 32. h6 Nd3 33. Rxg7+ Rxg7 34. hxg7 Rxg7 35. Qb8+ Kh7 36. Rh1+ Kg6 37. Qh8 Qe2 38. Qb8 Kf5 39. Qc8+ Kf4 40. Qb8+ Kf3 41. Nb1 Rg2 42. Rh3+ Kg4 43. Qc8+ f5 44. Qg8+ Kxh3 45. Qh7+ Kg3 46. Qg7+ Kf2 47. Qb7 Ke1 48. Qb6 Qxb2+ 0-1

[Event "January 9 Early 2024"]
[Site "https://www.chess.com"]
[Date "2024.01.11"]
[Round "8"]
[White "Gonzalez Vega, Alejandro"]
[Black "Mrithyunjay Mahadevan"]
[Result "0-1"]
[Board "141"]
[TimeControl "180+1"]
[WhiteFideId "3510042"]
[BlackFideId "45003521"]
[WhiteElo "2278"]
[BlackElo "2451"]
[WhiteTeam "CUB"]
[BlackTeam "IND"]
[WhiteClock "0:00:02"]
[BlackClock "0:00:30"]

1. e4 c5 2. Nf3 Nc6 3. d4 cxd4 4. c3 e5 5. cxd4 Nxd4 6. Nxd4 exd4 7. Qxd4 Nf6 8. Nc3 Qa5 9. Bd2 Qc5 10. Qxc5 Bxc5 11. Bc4 O-O 12. O-O Re8 13. Bd5 Nxd5 14. exd5 d6 15. Rfe1 Bd7 16. Ne4 Bd4 17. Nxd6 Rxe1+ 18. Rxe1 Bxb2 19. Nxb7 Bf6 20. Nc5 Bf5 21. d6 h6 22. Ba5 Rc8 23. Nb7 Rb8 24. Nc5 Rb5 25. Nb3 Be6 26. Bc7 Kh7 27. h3 Rd5 28. Rc1 Be5 29. Bb8 a5 30. a3 Bd7 31. Nc5 Bb5 32. Nb7 Ba6 33. Nc5 Bc8 34. d7 Bxd7 35. Bxe5 Rxe5 36. Nxd7 Re3 37. a4 Ra3 38. Nc5 Ra2 39. g4 g5 40. Kg2 Kg6 41. Rc3 f5 42. gxf5+ Kxf5 43. Rf3+ Ke5 44. Rb3 Kd4 45. Rb5 Kc4 46. Rxa5 Rb2 47. Ne6 Rb6 0-1

[Event "January 9 Early 2024"]
[Site "https://www.chess.com"]
[Date "2024.01.11"]
[Round "8"]
[White "Manon-og, Ramon Jr."]
[Black "Osmak, Yuliia"]
[Result "1-0"]
[Board "142"]
[TimeControl "180+1"]
[WhiteFideId "5200776"]
[BlackFideId "14101602"]
[WhiteElo "2379"]
[BlackElo "2494"]
[WhiteTeam "PHI"]
[BlackTeam "UKR"]
[WhiteClock "0:00:11"]
[BlackClock "0:00:01"]

1. e4 e5 2. Nf3 Nc6 3. Bc4 Nf6 4. Ng5 d5 5. exd5 Na5 6. Bb5+ c6 7. dxc6 bxc6 8. Bd3 Be7 9. O-O Nd5 10. Nf3 Qc7 11. Re1 Bd6 12. Nc3 O-O 13. Ne4 Be7 14. Bf1 f5 15. Nc3 e4 16. Nd4 Bc5 17. Nxd5 cxd5 18. Nb3 Nxb3 19. axb3 Qb6 20. Qe2 a5 21. d3 f4 22. dxe4 dxe4 23. Rd1 f3 24. Qxe4 Bxf2+ 25. Kh1 Bb7 26. Qg4 Rac8 27. Rd7 fxg2+ 28. Bxg2 Bxg2+ 29. Qxg2 Rf7 30. Rxf7 Kxf7 31. Bd2 Rxc2 32. Bxa5 Qxb3 33. Rf1 Qxb2 34. Be1 Kg8 35. Bxf2 h6 36. Qd5+ Kh8 37. Bg3 Rc8 38. Qe6 Qb7+ 39. Kg1 Qa7+ 40. Rf2 Rc1+ 41. Kg2 Qb7+ 42. Kh3 Rc8 43. Be5 1-0

[Event "January 9 Early 2024"]
[Site "https://www.chess.com"]
[Date "2024.01.11"]
[Round "8"]
[White "Rodriguez Avila, Alvaro"]
[Black "Swicarz, Maciej"]
[Result "0-1"]
[Board "143"]
[TimeControl "180+1"]
[WhiteFideId "24570249"]
[BlackFideId "1113585"]
[WhiteElo "2320"]
[BlackElo "2495"]
[WhiteTeam "ESP"]
[BlackTeam "POL"]
[WhiteClock "0:00:01"]
[BlackClock "0:00:41"]

1. e4 c5 2. d4 cxd4 3. c3 dxc3 4. Nf3 Nc6 5. Bc4 e6 6. O-O Bb4 7. bxc3 Bc5 8. Nbd2 a6 9. Nb3 Ba7 10. Ba3 b5 11. Be2 Nge7 12. Qd6 Bb8 13. Qd2 O-O 14. Rfd1 Qc7 15. Rac1 Re8 16. Bd6 Qxd6 17. Qxd6 Bxd6 18. Rxd6 Nd8 19. Nc5 Nb7 20. Rxa6 Rxa6 21. Nxa6 Nd6 22. Nc7 Rd8 23. e5 Ndf5 24. Nxb5 Nc6 25. Nd6 Nxe5 26. Nxf5 Nxf3+ 27. Bxf3 exf5 28. c4 Ba6 29. c5 Rc8 30. h3 g6 31. Kh2 Kf8 32. Kg3 h5 33. Kf4 Ke7 34. Rc3 Kf6 35. h4 Bb5 36. Bd5 Bc6 37. Rd3 Bxd5 38. Rxd5 Ke7 39. Kg5 Ra8 40. Rd2 Ra5 41. Rc2 Ra6 42. f3 Kf8 43. g4 fxg4 44. fxg4 hxg4 45. Kxg4 Kg7 46. Rd2 Ra4+ 47. Kg3 Ra3+ 48. Kg4 Ra4+ 49. Kg3 Ra7 0-1